 Dungeon Crawl Stone Soup version 0.20.1-1-g8b1a95d (webtiles) character file.

21 tidbits the Insei (level 2, 0/22 HPs)
             Began as a Demigod Transmuter on Aug 22, 2017.
             Slain by a leopard gecko (2 damage)
             ... on level 2 of the Dungeon.
             The game lasted 00:03:04 (266 turns).

tidbits the Insei (Demigod Transmuter)               Turns: 266, Time: 00:03:05

Health: 0/22       AC:  2    Str: 13    XL:     2   Next: 45%
Magic:  0/7        EV: 12    Int: 17    God:
Gold:   38         SH:  0    Dex: 16    Spells: 1/4 levels left

rFire    . . .     SeeInvis .     - Unarmed
rCold    . . .     Gourm    .   (no shield)
rNeg     . . .     Faith    .   b - +0 robe
rPois    .         Spirit   .   (no helmet)
rElec    .         Reflect  .   (no cloak)
rCorr    .         Harm     .   (no gloves)
MR       .....                  (boots currently unavailable)
Stlth    +.........             (no amulet)
Regen    0.1/turn               (no ring)
MPRegen  0.1/turn               (no ring)

@: appendage (expiring), very slightly contaminated
A: talons 3, high mp 1
a: End Transformation


You were on level 2 of the Dungeon.
You were not hungry.
You had grown temporary talons.
You visited 1 branch of the dungeon, and saw 3 of its levels.

You collected 38 gold pieces.

Inventory:

Hand Weapons
 g - a -1 dagger
Missiles
 a - 10 arrows
 f - 4 stones (quivered)
Armour
 b - a +0 robe (worn)
Potions
 e - a potion of mutation {unknown}
 h - a potion of resistance {unknown}
Books
 c - a book of Changes

   Spells                             Type                      Level
   a - Beastly Appendage              Transmutation                1
   b - Sticks to Snakes               Transmutation                2
   c - Spider Form                    Transmutation/Poison         3
   d - Ice Form                       Ice/Transmutation            4
   e - Blade Hands                    Transmutation                5
Comestibles
 d - a bread ration
 i - 3 chunks of flesh


   Skills:
 - Level 0.8 Fighting
 - Level 1.7 Dodging
 + Level 3.6 Unarmed Combat
 - Level 1.7 Spellcasting
 - Level 1.7 Transmutations


You had one spell level left.
You knew the following spells:

 Your Spells              Type           Power        Failure   Level  Hunger
e - Beastly Appendage     Tmut           #.....       10%         1    #......
k - Sticks to Snakes      Tmut           #.......     14%         2    ###....


Dungeon Overview and Level Annotations

Branches:
Dungeon (3/15)


Innate Abilities, Weirdness & Mutations

You have an increased reservoir of magic. (+10% MP)
You have claws for feet.


Message History

The worm is lightly wounded.
Your adder barely misses the worm.
The worm closely misses you.
You hit the worm but do no damage. Your headbutt misses the worm.
Your adder bites the worm.
Your adder bites the worm. x2; The worm is poisoned.
Your adder poisons the worm!
Your adder bites the worm.
Your adder closely misses the worm.
You hit the worm.
The worm is heavily wounded.
You barely miss the worm.
The worm is heavily wounded.
Your adder bites the worm.
The worm closely misses your adder.
You hit the worm. You headbutt the worm.
You kill the worm!
You swap places.
You see here a worm corpse.
Your transformation is almost over.
A kobold comes into view. It is wielding a dagger.
The kobold shouts!
The kobold throws a stone.
The stone hits you.
You see here a stone.
The kobold throws a stone.
The stone hits you but does no damage.
You see here a stone.
You swap places.
The kobold throws a stone.
The stone hits your adder but does no damage.
You see here a stone.
What are your orders? t - Shout!
Orders for allies: a - Attack new target. r - Retreat! s - Stop attacking. g - Guard the area. f - Follow me.
Anything else - Cancel.
Gang up on whom?
Press: ? - help, Dir - move target cursor, f - kobold
Aim: a kobold, wielding a dagger Attack!
The kobold throws a stone.
The stone hits your adder.
A goblin comes into view. It is wielding a club.
The goblin shouts!
Your adder barely misses the kobold.
Your adder barely misses the kobold.
The kobold misses your adder.
Your adder bites the kobold.
Your horns disappear.
The kobold hits your adder but does no damage.
Your adder misses the kobold.
There is a stone staircase leading up here.
Casting: Beastly Appendage
Confirm with . or Enter, or press ? or * to list all spells.
Your feet morph into talons.
Your adder withers and dies!
Casting: Beastly Appendage
Confirm with . or Enter, or press ? or * to list all spells.
You miscast Sticks to Snakes.
You are very lightly contaminated with residual magic.
Nothing appears to happen.
You barely miss the kobold. Your kick misses the kobold.
The kobold is severely wounded.
The kobold hits you with a dagger.
* * * LOW HITPOINT WARNING * * *
You hit the kobold.
You kill the kobold!
Casting: Sticks to Snakes
Confirm with . or Enter, or press ? or * to list all spells.
You miscast Sticks to Snakes.
You smell something strange.
You hit the goblin.
You kill the goblin!
There is a stone staircase leading up here.
Things that are here:
a dagger; a kobold corpse You climb upwards.
The goblin shouts! 2 leopard geckos, a goblin and a kobold come into view.
Your transformation is almost over.
The goblin shouts!
The leopard gecko hisses angrily. x2
Found 27 gold pieces, a scroll of remove curse and a fizzy purple potion.
A kobold comes into view. It is wielding a short sword.
There is a stone staircase leading down here.
Unknown command.
The leopard gecko misses you. The leopard gecko bites you.
* * * LOW HITPOINT WARNING * * *
The goblin hits you.
* * * LOW HITPOINT WARNING * * *
The kobold moves out of view.
The leopard gecko bites you but does no damage.
You climb downwards.
There is a stone staircase leading up here.
Things that are here:
a dagger; a kobold corpse Unknown command.
The leopard gecko bites you.
* * * LOW HITPOINT WARNING * * *
The leopard gecko barely misses you.
Found a pair of gloves.
Casting: Sticks to Snakes
Confirm with . or Enter, or press ? or * to list all spells.
You create a snake!
You now have 10 arrows.
The leopard gecko barely misses you. The goblin barely misses you.
The leopard gecko bites you.
You die...

#### #.. ######.# #########
#......# #........
###.....†###.##################
...........(...................
##.......###(..)...............
.........# #(.gl###############
...###...# #..@l# .. ##..#
#S.......# . #..# #........#
.##### ...# #........# ......
.... #.......... ......
#.......... ...... #..........
...... ...[....... ......
......


You could see 2 leopard geckos, a goblin and a friendly ball python.

Vanquished Creatures
  An adder (D:2)
  A worm (D:2)
  An orc (D:3)
  A giant cockroach (D:2)
  A goblin (D:2)
  A hobgoblin (D:3)
  A ball python (D:2)
  2 kobolds (D:2)
  A rat (D:1)
10 creatures vanquished.

Notes
Turn   | Place    | Note
-------+----------+-------------------------------------------
     0 | D:1      | tidbits the Demigod Transmuter began the quest for the Orb.
     0 | D:1      | Reached XP level 1. HP: 15/15 MP: 5/5
    29 | D:3      | Reached skill level 3 in Unarmed Combat
   153 | D:2      | Reached XP level 2. HP: 12/22 MP: 5/7
   157 | D:2      | Learned a level 2 spell: Sticks to Snakes
   265 | D:2      | HP: 2/22 [leopard gecko (4)]
   266 | D:2      | Slain by a leopard gecko

Skill      XL: |  1 |
---------------+----+-----
Unarmed Combat | 3 |  3.6
Fighting       | |  0.8
Dodging        | |  1.7
Spellcasting   | |  1.7
Transmutations | |  1.7

Action                   || total
-------------------------++-------
Melee: Unarmed           ||    27
       Headbutt          ||     3
       Dagger            ||     1
       Punch             ||     1
 Cast: Beastly Appendage ||     9
       Sticks to Snakes  ||     2
  Use: Scroll            ||     1
 Stab: Sleeping          ||     3
Armor: Robe              ||     2
Dodge: Dodged            ||    12

Table legend:
 A = Turns spent in this place as a percentage of turns spent in the entire game.
 B = Non-inter-level travel turns spent in this place as a percentage of non-inter-level travel turns spent in the entire game.
 C = Inter-level travel turns spent in this place as a percentage of turns spent in this place.
 D = Turns resting spent in this place as a percentage of non-inter-level travel turns spent in this place.
 E = Turns spent auto-exploring this place as a percentage of non-inter-level travel turns spent in this place.
 F = Non-inter-level travel turns spent in this place divided by the number of levels of this place that you've seen.
                   A       B       C       D       E      F
               +-------+-------+-------+-------+-------+----------------------
         Total | 100.0 | 100.0 |   0.0 |   0.0 |   0.0 |  86.7
       Dungeon | 100.0 | 100.0 |   0.0 |   0.0 |   0.0 |  86.7
               +-------+-------+-------+-------+-------+----------------------

Table legend:
 A = Kills in this place as a percentage of kills in entire the game.
 B = Kills by you in this place as a percentage of kills by you in the entire game.
 C = Kills by friends in this place as a percentage of kills by friends in the entire game.
 D = Other kills in this place as a percentage of other kills in the entire game.
 E = Experience gained in this place as a percentage of experience gained in the entire game.
 F = Experience gained in this place divided by the number of levels of this place that you have seen.
                   A       B       C       D       E      F
               +-------+-------+-------+-------+-------+----------------------
         Total | 100.0 | 100.0 |  -nan |  -nan | 100.0 |  10.0
       Dungeon | 100.0 | 100.0 |  -nan |  -nan | 100.0 |  10.0
               +-------+-------+-------+-------+-------+----------------------

Vault maps used:
D:1:      saegor_arrival_simple_c, minmay_misc_feat_doors
D:3:      lemuel_doored_altar, kiku_gazebo_garden_becter, uniq_terence
